 Dungeon Crawl Stone Soup version 0.17-a0-2118-g63bad21 (webtiles) character file.

41 Duffy the Conjurer (level 3, -1/26 HPs)
             Began as a Hill Orc Fire Elementalist on Oct 20, 2015.
             Slain by a gnoll
             ... wielding a +0 spear
              (10 damage)
             ... on level 2 of the Dungeon.
             The game lasted 00:02:17 (1520 turns).

Duffy the Conjurer (Hill Orc Fire Elementalist)     Turns: 1520, Time: 00:02:18

Health: -1/26      AC:  3    Str: 10    XL:     3   Next: 52%
Magic:  1/5        EV: 11    Int: 15    God:
Gold:   128        SH:  0    Dex: 12    Spells: 2 memorised, 1 level left

rFire  . . .     SeeInvis +     (no weapon)
rCold  . . .     Clarity  .     o - +0 leather armour (curse)
rNeg   . . .     SustAt   .     (no shield)
rPois  .         Gourm    .     (no helmet)
rElec  .         Spirit   .     (no cloak)
rCorr  .         Warding  .     (no gloves)
rMut   .         Stasis   .     (no boots)
MR     .....                    (no amulet)
Stlth  +.........               (no ring)
                                e - ring of see invisible

@: very slightly contaminated, not resistant to hostile enchantments, very
unstealthy
A: no striking features
a: no special abilities


You were on level 2 of the Dungeon.
You were not hungry.

You visited 1 branch of the dungeon, and saw 2 of its levels.

You collected 128 gold pieces.


   Skills:
 - Level 1.5 Dodging
 - Level 1.5 Stealth
 - Level 1.5 Spellcasting
 + Level 3.3 Conjurations
 - Level 3.2 Fire Magic


You had one spell level left.
You knew the following spells:

 Your Spells              Type           Power        Failure   Level  Hunger
a - Flame Tongue          Conj/Fire      ##...        10%         1    ##.....
c - Conjure Flame         Conj/Fire      ##......     28%         3    ####...

Inventory:

Missiles
 j - a stone (quivered)
Armour
 a - a +0 robe
 m - a +0 chain mail
 o - a cursed +0 leather armour (worn)
Jewellery
 e - a ring of see invisible (left hand)
Scrolls
 g - a scroll of noise {unknown}
 h - 3 scrolls of immolation {unknown}
 i - 2 scrolls of remove curse {unknown}
 k - 2 scrolls of identify {unknown}
 n - 3 scrolls of teleportation {unknown}
Potions
 d - 2 potions of curing {unknown}
 f - a potion of lignification {unknown}
 l - a potion of haste {unknown}
Books
 b - a book of Flames
Comestibles
 c - 2 bread rations

Dungeon Overview and Level Annotations

Branches:
Dungeon (2/15)

Altars:
Dithmenos
Gozag
The Shining One


Message History

Casting: Flame Tongue
Confirm with . or Enter, or press ? or * to list all spells.
Aiming: Flame Tongue
Press: ? - help, Shift-Dir - straight line, f - gnoll
Aim: a gnoll, wielding a spear You miscast Flame Tongue.
You are very lightly contaminated with residual magic.
Sparks fly from your hands!
The gnoll shouts!
The gnoll hits you from afar with a spear.
Casting: Flame Tongue
Confirm with . or Enter, or press ? or * to list all spells.
Aiming: Flame Tongue
Press: ? - help, Shift-Dir - straight line, f/p - gnoll
Aim: a gnoll, wielding a spear The flame tongue misses the gnoll.
The gnoll barely misses you.
Casting: Flame Tongue
Confirm with . or Enter, or press ? or * to list all spells.
Aiming: Flame Tongue
Press: ? - help, Shift-Dir - straight line, f/p - gnoll
Aim: a gnoll, wielding a spear The flame tongue hits the gnoll.
The gnoll is lightly wounded.
The gnoll hits you! The gnoll barely misses you.
The gnoll hits you from afar with a spear!
Casting: Flame Tongue
Confirm with . or Enter, or press ? or * to list all spells.
Aiming: Flame Tongue
Press: ? - help, Shift-Dir - straight line, f/p - gnoll
Aim: a gnoll, wielding a spear The flame tongue hits the gnoll.
The gnoll is moderately wounded.
The gnoll hits you but does no damage.
The gnoll hits you from afar with a spear!
You die...

#....ยงยง ##....#._.
#.#.#.##.. #.........
##.#...<#.### #.....####
#........... #.#####
#.........###
#.##########...........#
...........#............
...........#.........$.#
................@......>
...........##.#.#gg##...
...........##.#.#g.#
#.............#.#..#
##....#########.#..#
.##....## #.#..#
..##....#######.#..#
...##.........#.#).#
....##..........#


You could see 3 gnolls.

Action                   || total
-------------------------++-------
 Cast: Flame Tongue      ||    63
  Eat: Chunk             ||     3

Notes
Turn   | Place    | Note
--------------------------------------------------------------
     0 | D:1      | Duffy the Hill Orc Fire Elementalist began the quest for the Orb.
     0 | D:1      | Reached XP level 1. HP: 14/14 MP: 3/3
     2 | D:1      | Noticed a dwarf
     4 | D:1      | Noticed an elf
     4 | D:1      | Noticed a demigod
     6 | D:1      | Noticed a demonspawn
    10 | D:1      | Noticed an ogre
    10 | D:1      | Noticed a centaur
    12 | D:1      | Noticed a merfolk
    12 | D:1      | Noticed a formicid
    14 | D:1      | Noticed a naga
    14 | D:1      | Noticed a gargoyle
    16 | D:1      | Noticed a human
    16 | D:1      | Noticed a tengu
    18 | D:1      | Noticed an octopode
    18 | D:1      | Noticed a ghoul
    21 | D:1      | Noticed a minotaur
    21 | D:1      | Noticed a vampire
    23 | D:1      | Noticed a troll
    25 | D:1      | Noticed a draconian
    25 | D:1      | Noticed a felid
    27 | D:1      | Noticed a vine stalker
    27 | D:1      | Noticed a spriggan
   179 | D:1      | Reached skill level 2 in Conjurations
   179 | D:1      | Reached XP level 2. HP: 17/20 MP: 0/4
   854 | D:1      | Reached XP level 3. HP: 22/26 MP: 0/5
   915 | D:1      | Learned a level 3 spell: Conjure Flame
  1116 | D:2      | Reached skill level 3 in Conjurations
  1147 | D:2      | Found an opulent altar of Gozag.
  1338 | D:2      | Found a shadowy altar of Dithmenos.
  1458 | D:2      | Found a glowing golden altar of the Shining One.
  1520 | D:2      | Slain by a gnoll

Vault maps used:
D:1:      kb_arrival_jail, minmay_misc_feat_cross, minmay_misc_feat_more_columns
D:2:      nicolae_gozag_cash_rules_everything_around_me, grunt_dithmenos_smoke,
          nrook_mini_backslash, nicolae_tso_swordbearing_angel

Vanquished Creatures
  An adder
  An ooze
  A worm
  A giant cockroach
  2 goblins
  4 hobgoblins
  3 kobolds
  5 bats
  A giant newt
  8 rats
27 creatures vanquished.
